 Dungeon Crawl Stone Soup version 0.21-a0-331-gfb491b4 (webtiles) character file.

293 vishdafish the Magician (level 6, 0/46 HPs)
             Began as a Demonspawn Fire Elementalist on Oct 2, 2017.
             Was an Initiate of Nemelex Xobeh.
             Slain by a gnoll
             ... wielding a +0 spear
              (4 damage)
             ... on level 4 of the Dungeon.
             The game lasted 00:08:01 (2587 turns).

vishdafish the Magician (DsFE)                      Turns: 2587, Time: 00:08:02

Health: 0/46       AC:  6    Str:  8    XL:     6   Next: 11%
Magic:  7/11       EV: 12    Int: 19    God:    Nemelex Xobeh [......]
Gold:   168        SH:  0    Dex: 13    Spells: 10/11 levels left

rFire    . . .     SeeInvis .   w - +0 trident
rCold    + . .     Gourm    .   (no shield)
rNeg     . . .     Faith    .   g - +2 robe {rC+}
rPois    .         Spirit   .   (helmet restricted)
rElec    .         Reflect  .   (no cloak)
rCorr    .         Harm     .   (no gloves)
MR       .....                  (no boots)
Stlth    ++........             (no amulet)
HPRegen  0.15/turn              u - ring of loudness (curse)
MPRegen  0.12/turn              (no ring)

@: very slightly contaminated
A: antennae 1, thin metallic scales 1, nightstalker 1
a: Renounce Religion


You were on level 4 of the Dungeon.
You worshipped Nemelex Xobeh.
Nemelex Xobeh was noncommittal.
You were not hungry.

You visited 1 branch of the dungeon, and saw 5 of its levels.

You collected 168 gold pieces.

Inventory:

Hand Weapons
 i - a +0 dagger
 j - a +0 spear
 w - a +0 trident (weapon)
Armour
 a - a +0 robe
 g - a +2 robe of cold resistance (worn)
Jewellery
 u - a cursed ring of loudness (left hand)
Wands
 q - a wand of digging (7/24)
Scrolls
 d - 2 scrolls of fog
 e - 3 scrolls of magic mapping
 h - a scroll of noise
 k - 2 scrolls of enchant armour
 l - a scroll of teleportation
 o - 2 scrolls of amnesia {unknown}
 x - a scroll of identify
Potions
 f - a potion of magic {unknown}
 m - a potion of flight {unknown}
 n - a potion of curing
 p - 2 potions of might {unknown}
Books
 b - a book of Flames

   Spells                             Type                      Level
   a - Flame Tongue                   Conjuration/Fire             1
   b - Throw Flame                    Conjuration/Fire             2
   c - Conjure Flame                  Conjuration/Fire             3
   d - Inner Flame                    Hexes/Fire                   3
   e - Sticky Flame                   Conjuration/Fire             4
   f - Fireball                       Conjuration/Fire             5
 s - a book of Minor Magic

   Spells                             Type                      Level
   a - Magic Dart                     Conjuration                  1
   b - Blink                          Translocation                2
   c - Call Imp                       Summoning                    2
   d - Slow                           Hexes                        2
   e - Conjure Flame                  Conjuration/Fire             3
   f - Mephitic Cloud                 Conjuration/Poison/Air       3
Miscellaneous
 v - a plain deck of destruction {drawn: 2}
Comestibles
 c - 3 bread rations
 r - 5 fruits
 t - a royal jelly
 z - 7 chunks of flesh


   Skills:
 + Level 2.5 Fighting
 * Level 2.4 Polearms
 - Level 2.0 Dodging
 - Level 1.7 Stealth
 * Level 3.4 Spellcasting
 - Level 1.0 Conjurations
 - Level 3.0 Fire Magic
 * Level 3.1 Invocations


You had 10 spell levels left.
You knew the following spells:

 Your Spells              Type           Power        Failure   Level  Hunger
a - Flame Tongue          Conj/Fire      ##...        6%          1    None


Dungeon Overview and Level Annotations

Branches:
Dungeon (5/15)             Temple (0/1) D:4

Altars:
Nemelex Xobeh

Shops:
D:4 =

Annotations:
D:3 Sigmund


Innate Abilities, Weirdness & Mutations

You have a pair of small antennae on your head.
You are partially covered in thin metallic scales. (AC +2)
You are slightly more attuned to the shadows.


Message History

The gnoll is moderately wounded.
The gnoll barely misses you. The gnoll hits you but does no damage.
Casting: Flame Tongue
Confirm with . or Enter, or press ? or * to list all spells.
Aiming: Flame Tongue
Press: ? - help, Shift-Dir - straight line, f/p - gnoll
Aim: a gnoll, wielding a spear (moderately wounded)
The flame tongue misses the gnoll.
The flame tongue hits the gnoll.
The gnoll appears unharmed.
The gnoll is moderately wounded.
The gnoll hits you.
* * * LOW HITPOINT WARNING * * *
The gnoll hits you from afar with a spear!
* * * LOW HITPOINT WARNING * * *
The gnoll hits you but does no damage.
You hit the gnoll.
The gnoll is heavily wounded.
The gnoll hits you from afar with a spear.
You die...
Your body disappears without a glow.

... ... ##+# .. #.. #
#.# # ## ##.# ########
#..#..# ........ #..'g.+
........ #####g##
[....... +@.#{
............ #..#{
...........P#####.######
............P#..#.......
.............#..'....#+#
............##'##+####
............#..#
#...........)..#{
...........####


You could see 2 gnolls.

Vanquished Creatures
  A scorpion (D:4)
  A howler monkey (D:4)
  A hound (D:4)
  3 worker ants
  2 gnolls (D:4)
  A howler monkey skeleton (D:4)
  2 adders
  A worm (D:2)
  A dart slug (D:3)
  2 leopard geckos
  3 orcs (D:4)
  2 giant cockroaches
  5 goblins
  3 hobgoblins
  4 jackals
  6 bats
  3 frilled lizards
  4 kobolds
  8 rats
53 creatures vanquished.

Notes
Turn   | Place    | Note
-------+----------+-------------------------------------------
     0 | D:1      | vishdafish the Demonspawn Fire Elementalist began the quest for the Orb.
     0 | D:1      | Reached XP level 1. HP: 13/13 MP: 3/3
   451 | D:1      | Gained mutation: You are partially covered in thin metallic scales. (AC +2) [demonic ancestry]
   451 | D:1      | Reached XP level 2. HP: 20/20 MP: 1/5
   546 | D:1      | Reached skill level 1 in Fighting
  1083 | D:2      | Reached XP level 3. HP: 26/26 MP: 2/6
  1790 | D:3      | Reached skill level 1 in Polearms
  1871 | D:3      | Noticed a hippogriff
  2055 | D:3      | Found a sparkling altar of Nemelex Xobeh.
  2062 | D:3      | Became a worshipper of Nemelex Xobeh the Trickster
  2072 | D:3      | Noticed Sigmund
  2096 | D:4      | Received a gift from Nemelex Xobeh
  2107 | D:4      | Reached XP level 4. HP: 25/33 MP: 1/7
  2116 | D:4      | Reached skill level 1 in Invocations
  2122 | D:4      | Gained mutation: You are slightly more attuned to the shadows. [demonic ancestry]
  2122 | D:4      | Reached XP level 5. HP: 31/38 MP: 0/9
  2166 | D:5      | Entered Level 5 of the Dungeon
  2408 | D:4      | Gained mutation: You have a pair of small antennae on your head. [demonic ancestry]
  2408 | D:4      | Reached XP level 6. HP: 30/46 MP: 9/11
  2449 | D:4      | Found a staircase to the Ecumenical Temple.
  2472 | D:4      | Found Kuatyt's Jewellery Boutique.
  2587 | D:4      | Slain by a gnoll

Vault maps used:
D:1:      dpeg_arrival_rhombus
D:2:      st_stairs_14
D:3:      nemelex_xobeh_ov_fountains_minmay, uniq_sigmund
D:4:      corexii_shantytown, minmay_temple_entry_mist, enter_ossuary_5,
          serial_shops, nicolae_shop_crystal, shop, kennysheep_little_box, shop,
          uniq_pikel
D:5:      marbit_many_paths, kennysheep_mini_moat, first_bread,
          cheibrodos_worm_habitat

Skill      XL: |  1  2  3  4  5 |
---------------+----------------+-----
Fighting       | 1 2 |  2.5
Dodging        | 2 |  2.0
Fire Magic     | 3 |  3.0
Polearms       | 1 2 |  2.4
Invocations    | 2 3 |  3.1
Spellcasting   | 3 |  3.4
Stealth        | |  1.7
Conjurations   | |  1.0

Action                   |  1- 3 |  4- 6 || total
-------------------------+-------+-------++-------
Melee: Unarmed           |    28 |       ||    28
       Spear             |    33 |     1 ||    34
       Trident           |       |    71 ||    71
 Cast: Flame Tongue      |    52 |    15 ||    67
Evoke: Deck              |       |     2 ||     2
  Use: Scroll            |     9 |       ||     9
       Potion            |       |     3 ||     3
 Stab: Sleeping          |     1 |       ||     1
  Eat: Chunk             |     4 |     2 ||     6
Armor: Robe              |    24 |    35 ||    59
Dodge: Dodged            |    66 |    83 ||   149

Table legend:
 A = Spawn XP
 B = Non-spawn XP
 C = Spawn XP percentage of total XP
 D = Spawn monster count
 E = Non-spawn monster count
 F = Spawn count percentage of total count
 G = Total turns spent on level
                    A         B        C        D         E        F      G
               +---------+---------+-------+---------+---------+-------+---------
         Total |       0 |     419 |   0.0 |       0 |      53 |   0.0 |  2587
               +---------+---------+-------+---------+---------+-------+---------
           D:1 |       0 |      22 |   0.0 |       0 |      14 |   0.0 |   730
           D:2 |       0 |      31 |   0.0 |       0 |      10 |   0.0 |   904
           D:3 |       0 |      31 |   0.0 |       0 |      12 |   0.0 |   457
           D:4 |       0 |     290 |   0.0 |       0 |      13 |   0.0 |   262
           D:5 |       0 |      45 |   0.0 |       0 |       4 |   0.0 |   234
               +---------+---------+-------+---------+---------+-------+---------
